 Dungeon Crawl Stone Soup version 0.21-a0-529-g8c7b3f5 (webtiles) character file.

400 Amnesiac the Grave Robber (level 6, -4/39 HPs)
             Began as a Deep Elf Necromancer on Dec 9, 2017.
             Slain by an ogre
             ... wielding a +0 giant club
              (23 damage)
             ... on level 4 of the Dungeon.
             The game lasted 00:07:52 (4462 turns).

Amnesiac the Grave Robber (Deep Elf Necromancer)    Turns: 4462, Time: 00:07:52

Health: -4/39      AC: 11    Str:  5    XL:     6   Next: 54%
Magic:  0/12       EV: 13    Int: 22    God:
Gold:   182        SH:  0    Dex: 15    Spells: 4/11 levels left

rFire    + . .     SeeInvis .   e - +0 hand axe (chop)
rCold    + . .     Gourm    .   (no shield)
rNeg     . . .     Faith    .   j - +1 leather armour {rC+}
rPois    .         Spirit   .   D - +1 helmet
rElec    .         Reflect  .   p - +0 cloak
rCorr    .         Harm     .   z - +0 pair of gloves
MR       .....                  (no boots)
Stlth    ++........             (no amulet)
HPRegen  0.13/turn              I - +3 ring of protection
MPRegen  0.13/turn              x - ring of protection from fire

@: very slightly contaminated
A: no striking features
a: no special abilities


You were on level 4 of the Dungeon.
You were not hungry.

You visited 1 branch of the dungeon, and saw 4 of its levels.
You also visited: Sewer.

You collected 182 gold pieces.

Inventory:

Hand Weapons
 a - a +0 quarterstaff
 e - a +0 hand axe of chopping (weapon)
 f - a +0 hunting sling
 t - a +0 blowgun
Missiles
 s - 17 poisoned needles (quivered)
 E - 64 stones
Armour
 j - a +1 leather armour of cold resistance (worn)
 p - a +0 cloak (worn)
 u - a scarf of cloud immunity
 z - a +0 pair of gloves (worn)
 D - a +1 helmet (worn)
Jewellery
 i - a +5 ring of strength
 x - a ring of protection from fire (right hand)
 I - a +3 ring of protection (left hand)
Scrolls
 m - a scroll of amnesia {!r, unknown}
 o - 5 scrolls of teleportation {!r, unknown}
 w - 2 scrolls of immolation {!r, unknown}
 y - a scroll of remove curse {!r, unknown}
 B - a scroll of fog {!r, unknown}
 G - a scroll of enchant armour {!r, unknown}
Potions
 d - a potion of brilliance {!q, unknown}
 h - 3 potions of curing {!q}
 k - 2 potions of invisibility {!q}
 l - a potion of degeneration {!q, unknown}
 n - 7 potions of flight {!q}
 q - a potion of heal wounds {!q}
 v - 2 potions of magic {!q}
 A - a potion of might {!q}
 C - a potion of mutation {!q, unknown}
 F - a potion of haste {!q, unknown}
 J - a potion of agility {!q, unknown}
Books
 b - a book of Necromancy

   Spells                             Type                      Level
   a - Pain                           Necromancy                   1
   b - Animate Skeleton               Necromancy                   1
   c - Vampiric Draining              Necromancy                   3
   d - Regeneration                   Charms/Necromancy            3
   e - Animate Dead                   Necromancy                   4
   f - Control Undead                 Necromancy                   4
Comestibles
 c - 4 bread rations
 g - 2 royal jellies
 r - 4 fruits
 H - 4 chunks of flesh


   Skills:
 * Level 4.7 Fighting
 + Level 4.7 Dodging
 - Level 2.4 Stealth
 - Level 3.0 Spellcasting
 - Level 4.8 Necromancy


You had 4 spell levels left.
You knew the following spells:

 Your Spells              Type           Power        Failure   Level  Hunger
a - Pain                  Necr           ###.         2%          1    None
d - Vampiric Draining     Necr           ###.......   9%          3    ###....
r - Regeneration          Chrm/Necr      ##........   22%         3    ###....


Dungeon Overview and Level Annotations

Branches:
Dungeon (4/15)
 Temple: D:4-7

Altars:
Gozag
Makhleb
Qazlal


Message History

2 orcs come into view.
Casting: Pain
Confirm with . or Enter, or press ? or * to list all spells.
Aiming: Pain
Press: ? - help, Shift-Dir - straight line, f/p - scorpion
Aim: a scorpion (moderately wounded, chance to defeat MR: 83%)
The scorpion writhes in agony!
The scorpion stings you.
Casting: Pain
Confirm with . or Enter, or press ? or * to list all spells.
Aiming: Pain
Press: ? - help, Shift-Dir - straight line, f/p - scorpion
Aim: a scorpion (heavily wounded, chance to defeat MR: 83%)
The scorpion barely resists.
The scorpion misses you.
Casting: Pain
Confirm with . or Enter, or press ? or * to list all spells.
Aiming: Pain
Press: ? - help, Shift-Dir - straight line, f/p - scorpion
Aim: a scorpion (heavily wounded, chance to defeat MR: 83%)
The scorpion writhes in agony!
The scorpion stings you but does no damage.
Casting: Pain
Confirm with . or Enter, or press ? or * to list all spells.
Aiming: Vampiric Draining
Press: ? - help, Shift-Dir - straight line, f/p - scorpion
Aim: a scorpion (severely wounded)
You kill the scorpion!
You feel life coursing into your body.
You closely miss the orc. The orc closely misses you.
You barely miss the orc. The orc barely misses you.
You hit the orc but do no damage. The orc barely misses you. x2
You hit the orc.
The orc is moderately wounded.
The orc barely misses you.
You hit the orc but do no damage.
The orc is moderately wounded.
The orc misses you.
You closely miss the orc.
The orc is moderately wounded.
The orc closely misses you.
You hit the orc.
You kill the orc!
Casting: Vampiric Draining
Confirm with . or Enter, or press ? or * to list all spells.
Aiming: Vampiric Draining
Press: ? - help, Shift-Dir - straight line, f - ogre
Aim: an ogre, wielding a giant club The ogre is moderately wounded.
You feel life coursing into your body. The ogre hits you with a giant club!!
Ouch! That really hurt!
* * * LOW HITPOINT WARNING * * *
You aren't carrying any items that you can evoke.
Unknown command.
Put on which piece of jewellery? (? for menu, Esc to quit)
Okay, then.
Casting: Vampiric Draining
Confirm with . or Enter, or press ? or * to list all spells.
Aiming: Vampiric Draining
Press: ? - help, Shift-Dir - straight line, f/p - ogre
Aim: an ogre, wielding a giant club (moderately wounded)
You miscast Vampiric Draining.
You are very lightly contaminated with residual magic.
You sense a malignant aura.
The ogre hits you with a giant club!!
Ouch! That really hurt!
You die...

#######.# #.......#
#.########## ###..........#
#.........##.# #.#..####.##.#
#.#..# #.##.##
#.#..####.#...##############
#.......o.O@#...........<...
#.##.##.####.#....#######.#.###
. #.##.##.## #.##.#.# ##.#.#
.##.##.#.#.###.##.#.#
####..[.###
...##..###....##.#.#
#...>......
#..##.#.#.######.#.#
#.##....###
#..##.##...O.o...#.# # ##.#.#
#..##)##.#########.# .###.#.#
#รท.##.##.##### #.##...##.#.#


You could see an ogre and an orc.

Vanquished Creatures
  An ogre (D:2)
  2 scorpions
  5 adders
  5 oozes (Sewer)
  10 worms
  A dart slug (D:2)
  5 leopard geckos
  2 orcs
  3 ball pythons
  6 giant cockroaches
  13 goblins
  9 hobgoblins
  14 jackals
  3 quokkas
  19 bats
  7 frilled lizards
  7 kobolds
  A quokka skeleton (D:4)
  6 rats
119 creatures vanquished.

Notes
Turn   | Place    | Note
-------+----------+-------------------------------------------
     0 | D:1      | Amnesiac the Deep Elf Necromancer began the quest for the Orb.
     0 | D:1      | Reached XP level 1. HP: 10/10 MP: 6/6
    72 | D:1      | Reached skill level 1 in Fighting
    85 | D:1      | Reached XP level 2. HP: 5/16 MP: 1/8
   817 | D:1      | Reached XP level 3. HP: 7/21 MP: 0/9
   822 | D:1      | Learned a level 3 spell: Vampiric Draining
   826 | D:1      | Learned a level 3 spell: Regeneration
  1397 | D:2      | Found an opulent altar of Gozag.
  1478 | D:2      | Noticed a scorpion
  1507 | D:1      | Killed a scorpion
  1507 | D:1      | Reached XP level 4. HP: 15/28 MP: 0/10
  1697 | D:2      | Found a stormy altar of Qazlal.
  2022 | D:2      | Noticed an ogre
  2030 | D:2      | Killed an ogre
  2030 | D:2      | Reached XP level 5. HP: 20/34 MP: 2/11
  2933 | D:3      | Found a burning altar of Makhleb.
  3021 | D:3      | Found a glowing drain.
  3022 | D:3      | Reached XP level 6. HP: 30/39 MP: 5/12
  3041 | Sewer    | Entered a sewer
  4462 | D:4      | Slain by an ogre

Vault maps used:
D:1:      onia_arrival_pyramid, serial_glass, glass_columns_a, glass_columns_a
D:2:      lemuel_round_altar, hangedman_decor_push, nicolae_gozag_seed_capital
D:3:      lemuel_crystal_altar, cheibrodos_sewer_entry_bend
D:4:      gammafunk_steamed_eel, dancing_weapons_uskayaw, first_bread,
          elyvilon_altar_5
Sewer:    sewer_fruit_machine

Skill      XL: |  1  2  3  4  5  6 |
---------------+-------------------+-----
Fighting       | 1 2 3 4 |  4.7
Dodging        | 3 4 |  4.7
Stealth        | |  2.4
Spellcasting   | |  3.0
Necromancy     | |  4.8

Action                   |  1- 3 |  4- 6 || total
-------------------------+-------+-------++-------
Melee: Hand axe          |     1 |    41 ||    42
 Cast: Pain              |    71 |   174 ||   245
       Vampiric Draining |     1 |     9 ||    10
  Use: Scroll            |     1 |     5 ||     6
       Potion            |       |     1 ||     1
 Stab: Distracted        |       |     1 ||     1
  Eat: Chunk             |     2 |    10 ||    12
Armor: Robe              |     1 |       ||     1
       Leather armour    |       |    25 ||    25
Dodge: Dodged            |    17 |    61 ||    78

Table legend:
 A = Spawn XP
 B = Non-spawn XP
 C = Spawn XP percentage of total XP
 D = Spawn monster count
 E = Non-spawn monster count
 F = Spawn count percentage of total count
 G = Total turns spent on level
                    A         B        C        D         E        F      G
               +---------+---------+-------+---------+---------+-------+---------
         Total |       0 |     572 |   0.0 |       0 |     119 |   0.0 |  4462
               +---------+---------+-------+---------+---------+-------+---------
           D:1 |       0 |     124 |   0.0 |       0 |      33 |   0.0 |  1508
           D:2 |       0 |     185 |   0.0 |       0 |      25 |   0.0 |   913
           D:3 |       0 |      83 |   0.0 |       0 |      27 |   0.0 |   916
           D:4 |       0 |      98 |   0.0 |       0 |       8 |   0.0 |   229
         Sewer |       0 |      82 |   0.0 |       0 |      26 |   0.0 |   896
               +---------+---------+-------+---------+---------+-------+---------
